 Dungeon Crawl Stone Soup version 0.28.0-43-g3370ac3207 (webtiles) character file.

Game seed: 1508870538818679108

17 issech the Cudgeller (level 2, 0/29 HPs)
             Began as a Troll Monk on Mar 26, 2022.
             Succumbed to an adder's poison
             ... on level 2 of the Dungeon.
             The game lasted 00:02:23 (778 turns).

issech the Cudgeller (Troll Monk)                    Turns: 778, Time: 00:02:24

Health: 0/29       AC:  4    Str: 18    XL:     2   Next: 44%
Magic:  1/1        EV: 10    Int:  6    God:
Gold:   0          SH:  0    Dex: 12    Spells: 1/1 levels left

rFire   . . .      SeeInvis .   a - +0 mace
rCold   . . .      Faith    .   (no shield)
rNeg    . . .      Spirit   .   b - +0 robe
rPois   .          Reflect  .   (helmet restricted)
rElec   .          Harm     .   (no cloak)
rCorr   .          Rampage  .   (gloves unavailable)
Will    .....                   (boots unavailable)
Stlth   ++........              (no amulet)
HPRegen 0.89/turn               (no ring)
MPRegen 0.07/turn               (no ring)

@: lethally poisoned (0 -> -4)
A: large, unfitting armour, claws 3, regeneration 1, shaggy fur 1, tough skin 1
a: no special abilities


You were on level 2 of the Dungeon.
You visited 1 branch of the dungeon, and saw 2 of its levels.

Inventory:

Hand Weapons
 a - a +0 mace (weapon)
Missiles
 c - 26 arrows
 f - 16 stones (quivered)
 i - 22 sling bullets
Armour
 b - a +0 robe (worn)
Scrolls
 g - a scroll of fog
 k - a scroll of enchant weapon
 n - a scroll of teleportation
Potions
 d - a potion of lignification {unknown}
 e - a potion of cancellation {unknown}
 h - 2 potions of magic {unknown}
 j - a potion of brilliance {unknown}
 m - a potion of mutation {unknown}


   Skills:
 + Level 2.6 Fighting
 + Level 3.0 Maces & Flails
 + Level 2.7 Dodging
 + Level 1.0 Stealth


You had one spell level left.
You didn't know any spells.
Your spell library was empty.

Dungeon Overview and Level Annotations

Branches:
Dungeon (2/15)

Altars:


Innate Abilities, Weirdness & Mutations

You are too large for most types of armour.
You have claws for hands.
Your natural rate of healing is unusually fast.
You are covered in fur. (AC +1)
You have tough skin. (AC +1)


Message History

The adder is severely wounded.
The adder bites you but does no damage.
You hit the adder but do no damage.
The adder is severely wounded.
The adder bites you. x2
You hit the adder but do no damage.
The adder is severely wounded.
The adder bites you.
You are poisoned.
The adder poisons you!
You barely miss the adder.
The adder is severely wounded.
You feel sick. The adder bites you but does no damage. The adder bites you.
You are more poisoned.
The adder poisons you!
You hit the adder but do no damage.
The adder is severely wounded.
You feel very sick.
The adder bites you but does no damage. x2
You closely miss the adder.
The adder is severely wounded.
You feel sick. The adder bites you.
You are more poisoned.
The adder poisons you!
You closely miss the adder.
The adder is severely wounded.
You feel very sick. The adder bites you. x2
* * * LOW HITPOINT WARNING * * *
You feel sick.
You feel sick.
You feel sick.
You feel sick. The adder bites you.
* * * LOW HITPOINT WARNING * * *
You are more poisoned.
The adder poisons you!
There is a stone staircase leading up here.
You barely miss the adder. Your claw misses the adder.
The adder is severely wounded.
You die...

......... # ..
..... .## #.
#..# ....
#..##.####....
#.............
#..##.........
## ##r.......
..#..#.S.......
.......@.......
...............
.#.............
####...#######
###.# #.# ..#
...


You could see an adder and a rat.

Vanquished Creatures
  A ball python (D:1)
  5 endoplasms (D:1)
  2 goblins (D:1)
  A hobgoblin (D:1)
  2 quokkas (D:1)
  2 bats (D:1)
  A frilled lizard (D:1)
  A kobold (D:1)
15 creatures vanquished.

Notes
Turn   | Place    | Note
-------+----------+-------------------------------------------
     0 | D:1      | issech the Troll Monk began the quest for the Orb.
     0 | D:1      | Reached XP level 1. HP: 22/22 MP: 0/0
   218 | D:1      | Reached XP level 2. HP: 29/29 MP: 1/1
   261 | D:1      | Found a faded altar of an unknown god.
   709 | D:1      | Reached skill level 3 in Maces & Flails
   777 | D:2      | HP: 1/29 [adder (4)]
   778 | D:2      | Succumbed to an adder's poison

Illustrated notes

Levels and vault maps discovered:
D:1:      minmay_arrival_four_loops, layout_basic,
          dreamdust_ecumenical_altar_angels_and_demons
D:2:      layout_rooms, uniq_terence

Skill      XL: |  1  2 |
---------------+-------+-----
Maces & Flails | 3 |  3.0
Fighting       | |  2.6
Dodging        | |  2.7
Stealth        | |  1.0

Action                   || total
-------------------------++-------
Melee: Mace              ||    60
       Punch             ||     1
  Use: Scroll            ||     3
Armor: Robe              ||    27
Dodge: Dodged            ||    39
